 Dungeon Crawl Stone Soup version 0.26-a0-757-g626ac9e51a (webtiles) character file.

Game seed: 12804947195861054222

240 miscthings the Chopper (level 5, -3/48 HPs)
             Began as a Palentonga Delver on Nov 8, 2020.
             Slain by a lemure (6 damage)
             ... led by Pikel
             ... on level 4 of the Dungeon.
             The game lasted 00:04:07 (2332 turns).

miscthings the Chopper (Palentonga Delver)          Turns: 2332, Time: 00:04:07

Health: -3/48      AC:  6    Str: 16    XL:     5   Next: 79%
Magic:  5/5        EV:  9    Int: 11    God:
Gold:   97         SH:  0    Dex: 11    Spells: 4/4 levels left

rFire    . . .     SeeInvis +   a - +0 hand axe
rCold    . . .     Faith    .   (no shield)
rNeg     . . .     Spirit   .   b - +0 leather armour
rPois    .         Reflect  .   q - +1 helmet
rElec    .         Harm     .   (no cloak)
rCorr    .         Rampage  .   (no gloves)
MR       .....     Rnd*Tele +   (no barding)
Stlth    ++........             t - amulet of magic regeneration
HPRegen  0.16/turn              l - ring of teleportation (curse)
MPRegen  0.34/turn              (no ring)

@: no status effects
A: large, rugged brown scales 3, see invisible, deformed body, roll, armoured
tail
a: Rolling Charge


You were on level 4 of the Dungeon.
You visited 1 branch of the dungeon, and saw 5 of its levels.

You collected 97 gold pieces.

Inventory:

Hand Weapons
 a - a +0 hand axe (weapon)
Missiles
 m - 7 javelins (quivered)
Armour
 b - a +0 leather armour (worn)
 q - a +1 helmet (worn)
Jewellery
 l - a cursed ring of teleportation (left hand)
 t - an amulet of magic regeneration (around neck)
Wands
 g - a wand of digging (2)
Scrolls
 c - a scroll of fog
 d - 2 scrolls of magic mapping
 e - a scroll of fear
 h - a scroll of teleportation
 k - a scroll of amnesia
 o - a scroll of remove curse {unknown}
 r - a scroll of enchant weapon {unknown}
Potions
 f - 2 potions of haste
 j - a potion of might {unknown}
 n - a potion of ambrosia
 p - a potion of berserk rage {unknown}
 s - a potion of attraction {unknown}


   Skills:
 - Level 3.0 Fighting
 + Level 6.2 Axes
 - Level 1.5 Dodging
 - Level 3.3 Stealth


You had 4 spell levels left.
You didn't know any spells.
Your spell library was empty.

Dungeon Overview and Level Annotations

Branches:
Dungeon (5/15)
 Temple: D:4-7

Altars:
Elyvilon
Nemelex Xobeh
Wu Jian


Innate Abilities, Weirdness & Mutations

You are completely covered in rugged brown scales. (AC +3, +7% HP)
You have supernaturally acute eyesight. (SInv)
Armour fits poorly on your strangely shaped body.
You can roll at foes to attack.
You have a long armoured tail.


Message History

The lemure is heavily wounded.
The lemure hits you.
* * * LOW HITPOINT WARNING * * *
You barely miss the lemure. You tail-slap the lemure.
The lemure is heavily wounded.
The lemure splashes around in the water.
Throwing (i - inventory)
m - 9 javelins (quivered)
Press: ? - help, Shift-Dir - straight line, f - lemure
Aim: a lemure (heavily wounded)
You throw a javelin. The javelin closely misses the lemure.
You hear a splash.
The lemure hits you.
* * * LOW HITPOINT WARNING * * *
Throwing (i - inventory)
m - 8 javelins (quivered)
Press: ? - help, Shift-Dir - straight line, f/p - lemure
Aim: a lemure (heavily wounded)
You throw a javelin. The javelin barely misses the lemure.
You hear a splash.
The lemure hits you.
You die...

..#...#....#######.##
###.###.###.≈##≈## ##≈#
≈#≈≈≈#≈≈≈#.≈≈##≈(####≈≈##
≈.≈≈≈.≈≈≈≈≈≈##≈≈≈≈≈##≈5≈#
≈≈≈≈≈≈≈.≈#.##≈≈≈≈≈≈≈#≈≈≈#
≈≈≈≈≈≈.#..##≈≈≈≈≈≈≈≈#≈≈≈#
......## ##≈≈≈≈≈≈≈≈≈≈≈≈≈#
..#...#.##≈≈≈≈≈≈5≈≈≈≈≈≈≈#
.#..)..##≈≈≈≈≈≈≈@#≈≈≈≈≈≈#
....#.##≈≈.≈≈≈≈..#≈≈≈≈≈≈#
..#.###≈≈≈P.≈≈..P#≈≈≈≈≈≈#
P.#.##≈≈≈.######.#≈≈#≈≈≈#
#..##≈≈P..#....#.#≈≈#≈≈≈#
###.#≈P..P#....'P#≈≈##≈##
##.################ #
##.## ##.##


You could see a lemure.

Vanquished Creatures
  A lemure (D:4)
  An orc priest (D:4)
  A centaur skeleton (D:4)
  An iguana (D:4)
  An orc wizard (D:4)
  A worker ant (D:3)
  2 adders
  2 oozes
  A worm (D:2)
  4 dart slugs (D:1)
  4 leopard geckos
  3 orcs (D:4)
  3 bats
  3 giant cockroaches
  7 goblins
  4 hobgoblins
  9 jackals
  8 kobolds
  A quokka (D:2)
  A ball python (D:2)
  2 frilled lizards (D:1)
  5 rats
65 creatures vanquished.

Vanquished Creatures (others)
  22 plants (D:4)
22 creatures vanquished.

Grand Total: 87 creatures vanquished

Notes
Turn   | Place    | Note
-------+----------+-------------------------------------------
     0 | D:5      | miscthings the Palentonga Delver began the quest for the
                  | Orb.
     0 | D:5      | Reached XP level 1. HP: 20/20 MP: 1/1
    38 | D:4      | Reached skill level 3 in Axes
    38 | D:4      | Reached XP level 2. HP: 16/27 MP: 2/2
    38 | D:4      | Reached XP level 3. HP: 20/33 MP: 3/3
   130 | D:4      | Found a white marble altar of Elyvilon.
   418 | D:1      | Reached skill level 4 in Axes
   645 | D:1      | Reached XP level 4. HP: 33/40 MP: 4/4
  1171 | D:2      | Found a sparkling altar of Nemelex Xobeh.
  1472 | D:3      | Reached skill level 5 in Axes
  1729 | D:3      | Reached XP level 5. HP: 48/48 MP: 5/5
  1743 | D:2      | Found an ornate altar of the Wu Jian Council.
  1850 | D:4      | Noticed a lemure
  1890 | D:4      | Killed a lemure
  2275 | D:4      | Reached skill level 6 in Axes
  2279 | D:4      | Noticed a lemure
  2280 | D:4      | Noticed a lemure
  2332 | D:4      | Slain by a lemure

Illustrated notes

Levels and vault maps discovered:
D:1:      minmay_arrival_loop, layout_loops_corners
D:2:      layout_loops_cross, nicolae_overflow_hidden_temple,
          lemuel_crystal_altar, nicolae_tso_carved_into_rock,
          minmay_snake_closets, uniq_terence
D:3:      kennysheep_big_flooded_room, layout_basic, serial_corexii_hall,
          corexii_hall_statues_l, corexii_hall_statues_u,
          chequers_ecumenical_altar_simple, columned_hall_lemuel, uniq_jessica
D:4:      wad_lake_hut, layout_basic, elyvilon_altar_1, grunt_ministairs_5,
          uniq_pikel
D:5:      layout_loops_ring, nicolae_dithmenos_through_a_glass_darkly

Skill      XL: |  1  2  3  4  5 |
---------------+----------------+-----
Axes           | 3 4 5 6 |  6.2
Fighting       | |  3.0
Dodging        | |  1.5
Stealth        | |  3.3

Action                   |  1- 3 |  4- 6 || total
-------------------------+-------+-------++-------
Melee: Hand axe          |    66 |   163 ||   229
       Tailslap          |     9 |    17 ||    26
Throw: Javelin           |     6 |    15 ||    21
 Abil: Rolling Charge    |     2 |     5 ||     7
Evoke: Wand              |       |     1 ||     1
  Use: Scroll            |       |     5 ||     5
       Potion            |       |     1 ||     1
 Stab: Sleeping          |     3 |     5 ||     8
Armor: Leather armour    |    15 |    52 ||    67
Dodge: Dodged            |    34 |    59 ||    93

Table legend: (Time is in decaauts)
 A = Elapsed time spent in this place.
 B = Non-inter-level travel time spent in this place.
 C = Inter-level travel time spent in this place.
 D = Time resting spent in this place.
 E = Time spent auto-exploring this place.
 F = Levels seen in this place.
 G = Mean time per level.
                   A        B        C        D        E       F      G
               +--------+--------+--------+--------+--------+-----+--------+
         Total |   2384 |   2299 |     85 |    649 |   1025 |   5 |  476.8 |
       Dungeon |   2384 |   2299 |     85 |    649 |   1025 |   5 |  476.8 |
               +--------+--------+--------+--------+--------+-----+--------+

Top non-repeatable levels by time:
     D:1: 912 daAuts
     D:4: 773 daAuts
     D:3: 364 daAuts
     D:2: 320 daAuts
     D:5: 13 daAuts
